 Dungeon Crawl Stone Soup version 0.32-a0-18-g89e19f1974 (console) character file.

Game seed: 6917901614474743886

30473 petzl the Destroyer (level 13, -13/96 HPs)
             Began as a Formicid Delver on Jan 16, 2024.
             Was a High Priest of Vehumet.
             Mangled by a warg (18 damage)
             ... on level 2 of the Orcish Mines on Jan 17, 2024.
             The game lasted 01:43:32 (14821 turns).

petzl the Destroyer (Formicid Delver)              Turns: 14821, Time: 01:43:33

Health: -13/96     AC:  6    Str: 11 (17) XL:     13   Next: 89%
Magic:  23/26      EV: 13    Int: 11 (15) God:    Vehumet [*****.]
Gold:   728        SH:  6    Dex: 13 (15) Spells: 14/31 levels left

rFire   . . .        d - +4 trident (freeze)
rCold   + + .        f - +0 buckler
rNeg    + . .        t - +0 troll leather armour
rPois   +            (helmet unavailable)
rElec   .            C - +0 cloak
rCorr   +            M - +0 pair of gloves of Insecurity {+Blink rPois Slay+3}
SInv    +            (no boots)
Will    +++..        p - amulet of regeneration
Stlth   +++          i - ring of wizardry
HPRegen 1.96/turn    u - ring "Cerhiomo" {rC++ rN+ Will+ rCorr Slay-2}
MPRegen 0.20/turn

%: wizardry (x1)
@: no status effects
A: permanent stasis, dig shafts and tunnels, antennae 3, four strong arms,
deterioration 1, strong-willed 1
a: Dig, Shaft Self, Renounce Religion


You were on level 2 of the Orcish Mines.
You worshipped Vehumet.
Vehumet was extremely pleased with you.
You visited 3 branches of the dungeon, and saw 15 of its levels.

You collected 1385 gold pieces.
You spent 657 gold pieces at shops.

Inventory:

Hand Weapons
 a - a +0 orcbow of draining
 b - a +2 dagger of venom {!f =f}
 c - a +2 mace of holy wrath
 d - a +4 trident of freezing (weapon)
 n - a +0 arbalest
 q - a +0 hand axe of electrocution {!f =f}
 N - a +0 scimitar of flaming
Missiles
 g - 28 poisoned darts
 A - 3 javelins (quivered)
Armour
 f - a +0 buckler (worn)
 t - a +0 troll leather armour (worn)
 C - a +0 cloak (worn)
 M - the +0 pair of gloves of Insecurity (worn) {+Blink rPois Slay+3}
   (You bought it in a shop on level 4 of the Dungeon)

   Slay+3:    It affects your accuracy & damage with ranged weapons and melee
   (+3).
   rPois:     It protects you from poison +Blink: It lets you blink.
Jewellery
 i - a ring of wizardry (left hand)
 p - an amulet of regeneration (around neck)
 s - a ring of flight
 u - the ring "Cerhiomo" (right hand) {rC++ rN+ Will+ rCorr Slay-2}
   (You found it on level 6 of the Dungeon)

   [ring of positive energy]

   Slay-2:    It affects your accuracy & damage with ranged weapons and melee
   (-2).
   rC++:      It greatly protects you from cold.
   rN+:       It protects you from negative energy.
   Will+:     It increases your willpower.
   rCorr:     It protects you from acid and corrosion.
 w - a ring of fire
 I - a ring of poison resistance
Wands
 H - a wand of paralysis (2)
 J - a wand of flame (19)
 K - a wand of mindburst (14)
Scrolls
 h - a scroll of fog
 j - 3 scrolls of revelation
 o - a scroll of identify
 r - 3 scrolls of vulnerability
 F - a scroll of amnesia
 Q - a scroll of poison
Potions
 e - 2 potions of ambrosia
 k - a potion of attraction {unknown}
 l - 2 potions of curing
 m - a potion of heal wounds
 D - 2 potions of mutation
 E - a potion of cancellation {unknown}
 O - a potion of brilliance {unknown}


   Skills:
 - Level 7.0 Fighting
 - Level 2.0 Maces & Flails
 - Level 6.0 Ranged Weapons
 - Level 8.0 Armour
 - Level 5.0 Dodging
 - Level 6.0 Stealth
 - Level 7.4 Shields
 * Level 9.8 Spellcasting
 + Level 10.1 Conjurations
 + Level 6.2 Translocations
 + Level 5.1 Fire Magic
 + Level 6.0 Alchemy
 - Level 2.0 Evocations


You had 14 spell levels left.
You knew the following spells:

 Your Spells              Type           Power      Damage    Failure   Level
a - Iskenderun's Mystic   Conj/Tloc      23%        2d6       1%          4
b - Flame Wave            Conj/Fire      22%        2d8       1%          4
c - Magic Dart            Conj           100%       1d8       1%          1
I - Ignite Poison         Fire/Alch      17%        N/A       2%          4
T - Olgreb's Toxic Radia  Alch           18%        N/A       2%          4

Your spell library contained the following spells:

 Spells                   Type           Power      Damage    Failure   Level
 Inner Flame              Hex/Fire       11%        N/A       2%          3
 Irradiate                Conj/Alch      11%        3d15      2%          5
 Necrotise                Necr           20%        1d5       9%          1
 Dimensional Bullseye     Hex/Tloc       6%         N/A       24%         4
 Call Canine Familiar     Summ           5%         N/A       26%         3
 Sigil of Binding         Hex            5%         N/A       26%         3
 Vampiric Draining        Necr           5%         2d6       26%         3
 Lee's Rapid Deconstruct  Erth           2%         3d5*      45%         5
 Animate Armour           Summ/Erth      10%        N/A       61%         4
 Martyr's Knell           Necr/Summ      5%         N/A       61%         4
 Summon Lightning Spire   Summ/Air       5%         N/A       61%         4
 Curse of Agony           Necr           5%         N/A       91%         5
 Ozocubu's Refrigeration  Ice            2%         4d8       99%         7
 Ignition                 Fire           8%         3d5       99%         8
 Discord                  Hex            2%         N/A       100%        8


Dungeon Overview and Level Annotations

Branches:
Dungeon (12/15)            Temple (1/1) D:5            Lair (0/5) D:11
    Orc (2/2) D:9             Elf (0/3) Orc:2

Altars:
Ashenzari
Cheibriados
Dithmenos
Elyvilon
Fedhas
Gozag
Hepliaklqana
Kikubaaqudgha
Makhleb
Nemelex Xobeh
Okawaru
Qazlal
Ru
Sif Muna
Trog
Uskayaw
Vehumet
Wu Jian
Xom
Yredelemnul
Zin
The Shining One

Shops:
D:3 =((   D:4 *(*[   D:5 *   D:9 :   D:10 =   D:11 (??(   Orc:1 :[

Annotations:
D:6 exclusion: upstairs
D:10 exclusion: 2 downstairs
D:11 exclusions: 2 downstairs and vampire
Orc:2 2 runed translucent doors, anacleto's ghost, journeyman TrSh


Innate Abilities, Weirdness & Mutations

You cannot be hasted, slowed, berserked, paralysed or teleported.
You can dig through walls and to a lower floor.
You have a pair of large antennae on your head. (SInv)
Your four strong arms can wield two-handed weapons with a shield.
Your body sometimes deteriorates upon taking damage.
You are strong-willed. (Will+)


Message History

A wave of flame ripples out!
The flame wave engulfs the warg!
The warg is heavily wounded.
You block the warg's attack. The warg bites you!!
Your body deteriorates!
You feel dopey.
Your +4 trident of freezing glows with a cold blue light!
d - a +4 trident of freezing (weapon)
You hit the warg but do no damage.
The warg is heavily wounded.
The warg barely misses you. The warg bites you.
You puncture the warg! You freeze the warg.
The warg is almost dead.
You block the warg's attack. x2
You barely miss the warg.
The warg is almost dead.
The warg bites you. The warg closely misses you. The warg bites you.
You closely miss the warg.
The warg is almost dead.
The warg barely misses you. x2
You barely miss the warg.
The warg is almost dead.
You block the warg's attack. The warg closely misses you.
You hit the warg but do no damage.
The warg is almost dead.
The warg bites you!! x2
You hit the warg but do no damage.
The warg is almost dead.
You block the warg's attack. The warg bites you!
You closely miss the warg.
The warg is severely wounded.
The warg barely misses you.
An orc priest comes into view. It is wielding a +0 mace.
You block the warg's attack. The warg attacks as it pursues you!
You block the warg's attack. The warg attacks as it pursues you!
The warg bites you!
* * * LOW HITPOINT WARNING * * *
The warg barely misses you. The warg attacks as it pursues you!
The warg bites you!!
* * * LOW HITPOINT WARNING * * *
The warg bites you!!
You die...

......o....... ..............
##............. #..............
##.#........... #...#..........
##....h.........
#....#.).......# #.....#.....###
#...#.h##[..## ##.##...#...# ##
##.#.[.## ####.## #.o.# ###
##)## ##.## ####...# #...#
##.#[#.## ############ ##.##
#..@h..## ##.##.##..#.#
#...####.......# #............
#...#.....###.## ##)..........
##.........#### #...#......#
##........#########..##......#
#.........##.##.##..)##......#
##.[[..).........#...####++###
#....[......##.#....##W.~~.โ‰ˆ~
##.[...[.....###.#...#.ยง8.#.~#
#.............#......#โ‰ˆ#$.)..#
##...................##..?.โ‰ˆ#.
#...................####{#.##
##............[......#########
#.................#...........
##........#....<..............
#........).................^.
##............................
#........[..............#.#...
##.....................###.<..


You could see a warg and an orc priest.

Vanquished Creatures
  Gastronok (D:9)
  Josephine (D:10)
  2 two-headed ogres
  2 orc knights (Orc:2)
  A deep elf pyromancer (D:12)
  An orc sorcerer (Orc:2)
  A cyclops (Orc:2)
  A kobold blastminer (Orc:2)
  Joseph (D:9)
  An efreet (D:9)
  6 trolls
  Prince Ribbit (D:6)
  5 wraiths (D:10)
  A basilisk (D:12)
  6 wargs
  2 water moccasins
  2 ice beasts
  18 orc warriors
  5 ogres
  2 wolves (D:11)
  5 centaurs
  A phantom (D:5)
  2 kobold brigands
  4 bullfrogs
  A gnoll sergeant (D:10)
  4 scorpions
  6 wights
  10 killer bees
  A howler monkey (D:6)
  2 jellies
  2 bombardier beetles (D:4)
  11 orc priests
  A sleepcap (D:7)
  A gnoll bouda (D:7)
  2 hounds (D:6)
  4 iguanas
  15 orc wizards
  16 gnolls
  2 adders
  A river rat (D:6)
  A shadow imp (D:6)
  A white imp (D:6)
  4 ribbon worms
  2 dart slugs
  79 orcs
  6 ball pythons
  7 endoplasms
  5 giant cockroaches
  6 goblins
  7 hobgoblins
  6 jackals
  16 kobolds
  2 quokkas
  9 bats
  A frilled lizard (D:3)
  5 rats
308 creatures vanquished.

Notes
Turn   | Place    | Note
-------+----------+-------------------------------------------
     0 | D:5      | petzl the Formicid Delver began the quest for the Orb.
     0 | D:5      | Reached XP level 1. HP: 18/18 MP: 1/1
     5 | D:5      | Found a staircase to the Ecumenical Temple.
    11 | D:5      | Noticed a jelly
    23 | D:6      | Noticed a howler monkey
    23 | D:6      | Found a shadowy altar of Dithmenos.
    31 | D:6      | Killed a howler monkey
    32 | D:6      | Reached XP level 2. HP: 11/24 MP: 1/6
    32 | D:6      | Reached XP level 3. HP: 13/29 MP: 1/7
    32 | D:6      | Noticed a killer bee
    32 | D:6      | Noticed a killer bee
    32 | D:6      | Noticed a killer bee
    42 | D:5      | Noticed a scorpion
   109 | Temple   | Entered the Ecumenical Temple
   120 | Temple   | Became a worshipper of Vehumet
   205 | D:5      | Noticed a scorpion
   235 | D:5      | Reached XP level 4. HP: 27/35 MP: 7/9
   277 | D:5      | Noticed a scorpion
   577 | D:3      | You fall into a shaft and drop 3 floors!
   593 | D:6      | You fall into a shaft and drop 3 floors!
   717 | D:8      | Noticed a centaur
   727 | D:8      | Killed a centaur
   728 | D:8      | Reached XP level 5. HP: 12/41 MP: 10/12
   904 | D:9      | Reached skill level 5 in Spellcasting
  1053 | D:9      | Reached XP level 6. HP: 30/47 MP: 13/13
  1123 | D:8      | Reached skill level 1 in Ranged Weapons
  1182 | D:8      | You fall into a shaft and drop 3 floors!
  1319 | D:10     | Entered Level 10 of the Dungeon
  1625 | D:8      | Noticed a water moccasin
  1781 | D:7      | Reached XP level 7. HP: 53/53 MP: 13/15
  1796 | D:7      | Noticed a water moccasin
  2051 | D:7      | Found a glowing golden altar of the Shining One.
  2102 | D:7      | Found a stormy altar of Qazlal.
  2153 | D:7      | Reached * piety under Vehumet
  2153 | D:7      | Offered knowledge of Sandblast by Vehumet.
  2154 | D:7      | Reached skill level 1 in Armour
  2242 | D:6      | Noticed Prince Ribbit
  2296 | D:5      | Reached XP level 8. HP: 46/61 MP: 16/16
  2346 | D:6      | Identified the ring "Cerhiomo" {rC++ rN+ Will+ rCorr
                  | Slay-2}
  2362 | D:6      | You fall into a shaft and drop 1 floor!
  2378 | D:7      | Learned a level 4 spell: Olgreb's Toxic Radiance
  2523 | D:6      | Reached skill level 1 in Alchemy
  2889 | D:3      | You fall into a shaft and drop 2 floors!
  3200 | D:2      | Reached ** piety under Vehumet
  3200 | D:2      | Offered knowledge of Magic Dart by Vehumet.
  3203 | D:2      | Learned a level 1 spell: Magic Dart
  3230 | D:2      | Reached skill level 5 in Alchemy
  4584 | D:2      | Found a shadowy altar of Dithmenos.
  4811 | D:3      | Found an ornate altar of the Wu Jian Council.
  4971 | D:3      | Found Zemogi's Weapon Boutique.
  4980 | D:3      | Found Null's Antique Weapon Shop.
  4999 | D:3      | Offered knowledge of Searing Ray by Vehumet.
  5123 | D:3      | Found Gub Vaik's Distillery.
  5128 | D:3      | Found Qoefaq's Jewellery Emporium.
  5256 | D:3      | Found a sparkling altar of Nemelex Xobeh.
  5444 | D:4      | Found Replusoutz's Assorted Antiques.
  5458 | D:4      | Bought 2 purple potions for 34 gold pieces
  5458 | D:4      | Bought a sedimented silvery potion for 17 gold pieces
  5458 | D:4      | Bought a scroll labelled XARHYO MOTUS for 19 gold pieces
  5458 | D:4      | Bought a scroll labelled PEALU YTHYE for 19 gold pieces
  5458 | D:4      | Bought a scroll labelled XARHYO MOTUS for 19 gold pieces
  5566 | D:4      | Reached *** piety under Vehumet
  5782 | D:4      | Found Aguviunt's Armour Shop.
  5831 | D:4      | Found Oleec's General Store.
  5873 | D:4      | Bought a potion of curing for 42 gold pieces
  5873 | D:4      | Bought a scroll of identify for 28 gold pieces
  5934 | D:4      | Found Ucleun's Antique Weapon Shop.
  6071 | D:5      | Reached skill level 1 in Conjurations
  6071 | D:5      | Reached skill level 1 in Evocations
  6091 | D:5      | Reached XP level 9. HP: 58/66 MP: 17/17
  6102 | D:5      | Found Megu's Neck Hole.
  6314 | D:5      | Reached skill level 2 in Conjurations
  6476 | D:6      | Killed Prince Ribbit
  6587 | D:6      | Identified the +1 robe of Mezcal {rPois}
  6690 | D:6      | Found an opulent altar of Gozag.
  6696 | D:6      | Found a hazy altar of Hepliaklqana.
  6800 | D:6      | Offered knowledge of Flame Wave by Vehumet.
  6804 | D:6      | Reached skill level 3 in Conjurations
  6849 | D:6      | Learned a level 4 spell: Flame Wave
  7474 | D:7      | Reached skill level 1 in Fire Magic
  7598 | D:7      | Reached skill level 5 in Ranged Weapons
  7721 | D:8      | Found a sacrificial altar of Ru.
  7910 | D:8      | Reached skill level 4 in Conjurations
  8388 | D:9      | Reached XP level 10. HP: 63/73 MP: 10/18
  8511 | D:9      | Noticed a centaur warrior
  8515 | D:9      | Noticed an efreet
  8518 | D:9      | You fall into a shaft and drop 2 floors!
  8559 | D:11     | Noticed a cyclops
  8568 | D:11     | Noticed a cyclops
  8638 | D:9      | Found a burning altar of Makhleb.
  8747 | D:9      | Killed an efreet
  8756 | D:9      | Reached skill level 5 in Conjurations
  8853 | D:6      | Reached **** piety under Vehumet
  8922 | D:4      | Bought the +0 pair of gloves of Insecurity {+Blink rPois
                  | Slay+3} for 353 gold pieces
  9067 | D:9      | Found Ublazit's Book Shoppe.
  9213 | D:9      | Noticed a two-headed ogre
  9221 | D:9      | Found a staircase to the Orcish Mines.
  9225 | D:9      | You fall into a shaft and drop 2 floors!
  9244 | D:11     | Found Ruquo's Magic Scroll Emporium.
  9338 | D:10     | Reached skill level 5 in Dodging
  9383 | D:10     | Found a basalt altar of Yredelemnul.
  9447 | D:10     | Found a white marble altar of Elyvilon.
  9665 | D:9      | Reached skill level 5 in Armour
  9740 | D:9      | Noticed Gastronok
  9756 | D:9      | Killed a two-headed ogre
  9789 | D:9      | Killed Gastronok
  9790 | D:9      | Reached skill level 6 in Conjurations
  9945 | D:9      | You fall into a shaft and drop 2 floors!
 10139 | D:11     | Reached XP level 11. HP: 78/78 MP: 19/19
 10149 | D:11     | Found Quimygea's Antique Weapon Shop.
 10236 | D:11     | Found a staircase to the Lair.
 10273 | D:11     | Bought a scroll of poison for 44 gold pieces
 10273 | D:11     | Bought a scroll of revelation for 82 gold pieces
 10386 | D:11     | Reached skill level 1 in Shields
 10481 | D:9      | Noticed Joseph
 10516 | D:9      | Killed Joseph
 10517 | D:9      | Reached skill level 7 in Conjurations
 10690 | D:9      | Offered knowledge of Iskenderun's Mystic Blast by Vehumet.
 10696 | D:9      | Learned a level 4 spell: Iskenderun's Mystic Blast
 10743 | Orc:1    | Entered Level 1 of the Orcish Mines
 10768 | D:9      | Reached skill level 1 in Translocations
 10870 | Orc:1    | Found a dark tunnel.
 11010 | D:9      | You fall into a shaft and drop 2 floors!
 11012 | D:11     | Gained mutation: Your body sometimes deteriorates upon
                  | taking damage. [potion of mutation]
 11012 | D:11     | Gained mutation: You are strong-willed. (Will+) [potion of
                  | mutation]
 11017 | D:11     | Reached skill level 8 in Conjurations
 11017 | D:11     | Reached skill level 5 in Translocations
 11017 | D:11     | Reached XP level 12. HP: 84/84 MP: 20/24
 11018 | D:11     | Reached skill level 9 in Conjurations
 11018 | D:11     | Reached XP level 13. HP: 96/96 MP: 24/26
 11306 | D:12     | Reached skill level 10 in Conjurations
 11364 | D:11     | Found Ekhleff's Antique Weapon Shoppe.
 11380 | D:11     | Found Ybliemn's Magic Scroll Shoppe.
 11509 | D:10     | Found a shimmering blue altar of Sif Muna.
 11590 | D:10     | Noticed Josephine
 11698 | D:10     | Found a snail-covered altar of Cheibriados.
 11806 | D:10     | Found a shimmering altar of Xom.
 11920 | D:10     | Found Cyni's Jewellery Boutique.
 12013 | D:10     | Killed Josephine
 12379 | Orc:1    | Reached skill level 5 in Shields
 12833 | Orc:1    | Found Ogaoske's Armour Shop.
 12842 | Orc:1    | Found Rusapsatz's Vocational Training.
 12953 | Orc:2    | Entered Level 2 of the Orcish Mines
 12962 | Orc:2    | Reached ***** piety under Vehumet
 13059 | Orc:2    | Offered knowledge of Ignite Poison by Vehumet.
 13445 | Orc:2    | Found a staircase to the Elven Halls.
 14111 | Orc:2    | Reached skill level 5 in Fire Magic
 14581 | Orc:2    | Learned a level 4 spell: Ignite Poison
 14592 | Orc:2    | Found a large runed translucent door.
 14593 | Orc:2    | Found a large runed translucent door.
 14594 | Orc:2    | Noticed anacleto's ghost (journeyman TrSh)
 14821 | Orc:2    | Mangled by a warg

Illustrated notes

Levels and vault maps discovered:
D:1:      evilmike_arrival_rings, layout_basic, ebering_dispersal_statue_hall,
          chequers_decorated_corner, minmay_hedge_maze, minmay_ruptured
D:2:      layout_basic, basic_altar
D:3:      layout_loops_ring, nemelex_dance_club_becter,
          nicolae_overflow_hidden_temple, serial_shops,
          nicolae_shop_overgrown_old_shop, shop_statue,
          nicolae_shop_industrial_runoff, nicolae_shop_tiny_waterfront,
          hangedman_decor_peaks_small
D:4:      layout_loops_ring, serial_shops, nicolae_diamond_shop,
          nicolae_diamond_shop, shop, shop
D:5:      layout_cave_pools, minmay_temple_entry_ruins,
          nicolae_shop_sticking_my_neck_out
D:6:      layout_rooms, amethyst_overflow_temple_binary, amcnicky_altar_gilded,
          portal_sewer_entry_c, uniq_prince_ribbit1
D:7:      layout_rooms, mainiacjoe_overflow_surrounded_room,
          nicolae_tso_carved_into_rock
D:8:      layout_cave_pods, mainiacjoe_overflow_cross_hatched
D:9:      layout_grid_maze, mainiacjoe_overflow_small_starburst, erik_orc_4,
          serial_shops, shop, minivault_20, uniq_gastronok, uniq_joseph
D:10:     layout_irregular_city, kennysheep_ying_yang, slow_altar_2,
          nicolae_sif_muna_condensation, general_overflow_altar, serial_shops,
          nicolae_shop_temple_entry_statues_fountains, uniq_josephine
D:11:     layout_basic, erik_lair_orcish_takeover, serial_shops, shop,
          shop_scrolls, shop, shop
D:12:     layout_rooms, st_stairs_1
Temple:   hellmonk_temple_forest_ring
Orc:1:    layout_caves, nicolae_volcano_entry_lava_flow, serial_shops, shop,
          nicolae_shop_vocational
Orc:2:    st_orc_town, layout_caves, ebering_ghost_disaster_area,
          nicolae_orc_damp_corner, nicolae_orc_quarried_blocks

Skill      XL: |  1  2  3  4  5  6  7  8  9 10 11 12 13 |
---------------+----------------------------------------+-----
Spellcasting   | 3 4 5 8 9 |  9.8
Ranged Weapons | 2 3 4 5 6 |  6.0
Dodging        | 2 3 4 5 |  5.0
Fighting       | 4 7 |  7.0
Armour         | 1 2 4 6 8 |  8.0
Alchemy        | 6 |  6.0
Conjurations   | 1 4 6 8 9 10 | 10.1
Evocations     | 1 2 |  2.0
Fire Magic     | 2 4 5 |  5.1
Shields        | 3 7 |  7.4
Translocations | 5 6 |  6.2
Maces & Flails | |  2.0
Stealth        | |  6.0

Action                     |  1- 3 |  4- 6 |  7- 9 | 10-12 | 13-15 || total
---------------------------+-------+-------+-------+-------+-------++-------
  Melee: Mace              |    14 |    82 |    90 |       |    63 ||   249
         Punch             |       |     1 |     2 |       |       ||     3
         Dagger            |       |       |   136 |    14 |    24 ||   174
         Scimitar          |       |       |       |     1 |       ||     1
         Trident           |       |       |       |     7 |    59 ||    66
   Fire: Orcbow            |       |    44 |   343 |    69 |   134 ||   590
  Throw: Stone             |     4 |       |       |       |       ||     4
         Dart              |       |       |    16 |     7 |       ||    23
   Cast: Olgreb's Toxic Ra |       |       |    18 |    51 |    76 ||   145
         Flame Wave        |       |       |       |     1 |     5 ||     6
         Iskenderun's Myst |       |       |       |       |     4 ||     4
         Ignite Poison     |       |       |       |       |     3 ||     3
Ability: Shaft Self        |       |     3 |     2 |     4 |       ||     9
         Dig               |       |       |     5 |     5 |     1 ||    11
  Evoke: Wand              |       |       |    18 |     6 |     1 ||    25
    Use: Scroll            |     1 |       |     8 |     6 |       ||    15
         Potion            |       |       |     3 |    10 |     4 ||    17
   Stab: Sleeping          |     2 |     1 |     1 |       |       ||     4
         Paralysed         |       |       |     2 |       |     3 ||     5
 Armour: Leather armour    |     5 |    45 |       |       |       ||    50
         Scale mail        |       |    42 |   254 |       |       ||   296
         Ring mail         |       |       |    91 |    86 |   111 ||   288
         Troll leather arm |       |       |       |       |    91 ||    91
  Dodge: Dodged            |     9 |    87 |   263 |    62 |   152 ||   573
  Block: Buckler           |       |       |       |    21 |    59 ||    80

Table legend: (Time is in decaauts)
 A = Elapsed time spent in this place.
 B = Non-inter-level travel time spent in this place.
 C = Inter-level travel time spent in this place.
 D = Time resting spent in this place.
 E = Time spent auto-exploring this place.
 F = Levels seen in this place.
 G = Mean time per level.
                   A        B        C        D        E       F      G
               +--------+--------+--------+--------+--------+-----+--------+
         Total |  15128 |  14076 |   1052 |   2654 |   5391 |  15 | 1008.5 |
       Dungeon |  12555 |  11597 |    958 |   1859 |   4984 |  12 | 1046.2 |
        Temple |     22 |      1 |     21 |      0 |      0 |   1 |   22.0 |
  Orcish Mines |   2550 |   2477 |     73 |    795 |    407 |   2 | 1275.0 |
               +--------+--------+--------+--------+--------+-----+--------+

Top non-repeatable levels by time:
     D:9: 2146 daAuts
   Orc:2: 1626 daAuts
     D:8: 1324 daAuts
     D:7: 1293 daAuts
     D:3: 1175 daAuts
    D:10: 1147 daAuts
    D:11: 1067 daAuts
     D:1: 1011 daAuts
   Orc:1: 923 daAuts
     D:6: 905 daAuts
     D:5: 899 daAuts
     D:4: 884 daAuts
     D:2: 644 daAuts
    D:12: 53 daAuts
  Temple: 22 daAuts
